 Dungeon Crawl Stone Soup version 0.20-a0-29-g41cc41e (webtiles) character file.

4848 KristoblXynda the Covert (level 10, -2/75 HPs)
             Began as a Naga Enchanter on Nov 7, 2016.
             Was a High Priest of Cheibriados.
             Slain by a yak (16 damage)
             ... on level 9 of the Dungeon.
             The game lasted 00:26:47 (9698 turns).

KristoblXynda the Covert (Naga Enchanter)           Turns: 9698, Time: 00:26:47

Health: -2/75      AC:  8    Str: 20      XL:     10   Next: 49%
Magic:  20/20      EV: 12    Int: 29 (31) God:    Cheibriados [*****.]
Gold:   305        SH:  0    Dex: 26 (27) Spells: 4 memorised, 14 levels left

rFire  . . .     SeeInvis +     m - +1 dagger (venom)
rCold  . . .     Gourm    .     b - +2 robe
rNeg   . . .     Faith    .     (no shield)
rPois  +         Spirit   .     (no helmet)
rElec  .         Reflect  .     x - +1 cloak
rCorr  .         Harm     .     (no gloves)
MR     ++...     Clarity  +     (no barding)
Stlth  +++++++...               n - amulet of magic regeneration
                                k - ring of stealth
                                l - +4 ring of dexterity

@: about to teleport, very slow
A: see invisible, clarity, clever 1, deformed body, deterioration 1, magic
resistance 1, poison resistance, screaming 1, slowness 2, slow metabolism 1,
spit poison 2, weak 1, AC +3
a: Breathe Poison Gas, Bend Time, Temporal Distortion, Slouch, Step From Time,
Renounce Religion


You were on level 9 of the Dungeon.
You worshipped Cheibriados.
Cheibriados was extremely pleased with you.
You were not hungry.

You visited 1 branch of the dungeon, and saw 9 of its levels.

You collected 545 gold pieces.
You spent 240 gold pieces at shops.

Inventory:

Hand Weapons
 m - a +1 dagger of venom (weapon)
 s - a +3 rapier of freezing
Armour
 b - a +2 robe (worn)
 x - a +1 cloak (worn)
 y - the +1 ring mail of Vanirchi {Dex+4, unknown}
   (You found it on level 9 of the Dungeon)

   It affects your dexterity (+4).
Jewellery
 k - a ring of stealth (right hand)
 l - a +4 ring of dexterity (left hand)
 n - an amulet of magic regeneration (around neck)
 q - a +2 ring of slaying {unknown}
 t - an uncursed ring of wizardry
 A - an uncursed ring of see invisible {unknown}
Wands
 f - a wand of confusion (35/48)
 g - a wand of flame (18/48)
 p - a wand of slowing (15/48)
 v - a wand of enslavement (11/24)
Scrolls
 e - 2 scrolls of teleportation
 j - 3 scrolls of remove curse
 o - a scroll of amnesia
Potions
 h - a potion of flight
 i - a potion of curing
 u - a potion of heal wounds
 w - a potion of brilliance {unknown}
 z - a potion of agility {unknown}
Books
 a - a book of Minor Magic

   Spells                             Type                      Level
   a - Magic Dart                     Conjuration                  1
   b - Blink                          Translocation                2
   c - Call Imp                       Summoning                    2
   d - Repel Missiles                 Charms/Air                   2
   e - Slow                           Hexes                        2
   f - Conjure Flame                  Conjuration/Fire             3
   g - Mephitic Cloud                 Conjuration/Poison/Air       3
 c - a book of Maledictions

   Spells                             Type                      Level
   a - Corona                         Hexes                        1
   b - Ensorcelled Hibernation        Hexes/Ice                    2
   c - Confuse                        Hexes                        3
   d - Tukima's Dance                 Hexes                        3
   e - Dazzling Spray                 Conjuration/Hexes            3
Comestibles
 d - 10 bread rations
 r - a meat ration


   Skills:
 - Level 4.4 Short Blades
 + Level 3.4 Dodging
 + Level 13.1 Stealth
 - Level 7.0 Spellcasting
 + Level 8.7 Hexes
 - Level 2.5 Invocations


You had 14 spell levels left.
You knew the following spells:

 Your Spells              Type           Power        Failure   Level  Hunger
a - Blink                 Tloc           N/A          10%         2    None
b - Ensorcelled Hibernat  Hex/Ice        #####.       1%          2    None
c - Confuse               Hex            ######..     1%          3    None
d - Repel Missiles        Chrm/Air       ##....       10%         2    None


Dungeon Overview and Level Annotations

Branches:
Dungeon (9/15)             Temple (0/1) D:5            Lair (0/6) D:9
    Orc: D:9-12

Altars:
Ashenzari
Cheibriados
Gozag
Qazlal
Xom
Yredelemnul

Shops:
D:9 :


Innate Abilities, Weirdness & Mutations

You cannot wear boots.
Your serpentine skin is tough. (AC +3)
You have supernaturally acute eyesight. (SInv)
Armour fits poorly on your strangely shaped body.
Your system is resistant to poisons. (rPois)
You cover ground very slowly.
You have a slow metabolism.
You can exhale a cloud of poison.
You possess an exceptional clarity of mind.
Your mind is acute. (Int +2)
Your body sometimes deteriorates upon taking damage.
You are resistant to hostile enchantments. (MR+)
You occasionally shout uncontrollably at your foes.
You are weak. (Str -2)


Message History

A yak comes into view.
The yak barely misses you. The yak gores you but does no damage.
The yak gores you. x2
You see here an embroidered hat.
The yak gores you. The yak gores you!
Your body deteriorates!
You feel clumsy. The yak closely misses you.
The yak gores you but does no damage. The yak barely misses you.
The yak gores you. The yak gores you!
* * * LOW HITPOINT WARNING * * *
The yak gores you!
* * * LOW HITPOINT WARNING * * *
Your body deteriorates!
You feel dopey. The yak misses you. The yak barely misses you.
As you read the scroll of teleportation, it crumbles to dust.
You feel strangely unstable. The yak gores you but does no damage.
The yak gores you.
* * * LOW HITPOINT WARNING * * *
The yak gores you!
You die...

... #...#
.# #...#
#.### #.#
#.###
######...#
#........#
#........#
#.....Y@.#
#.(..YYY.#
#....)Y..#
#(.......#
#...%..<.#
#........#
#.#####..#
#) #..# .
..#


You could see 5 yaks.

Vanquished Creatures
  Maurice (D:8)
  Grinder (D:6)
  A spriggan (D:8)
  A wyvern (D:8)
  3 orc warriors
  5 ice beasts
  A phantom (D:6)
  3 sky beasts
  4 ogres
  A centaur (D:6)
  5 bullfrogs
  2 gnoll sergeants (D:6)
  A wyvern zombie (D:7)
  A water moccasin skeleton (D:5)
  3 scorpions
  4 killer bees (D:7)
  A howler monkey (D:7)
  5 crimson imps
  A bullfrog zombie (D:9)
  2 hounds
  2 jellies
  2 quasits
  An orc priest (D:7)
  17 orc wizards
  A centaur skeleton (D:4)
  A bullfrog skeleton (D:4)
  7 iguanas
  5 worker ants
  Terence (D:2)
  A hound zombie (D:8)
  A hound skeleton (D:4)
  9 gnolls
  17 adders
  2 shadow imps
  2 oozes
  4 worms
  2 dart slugs
  7 leopard geckos
  29 orcs
  3 ball pythons
  6 bats
  6 giant cockroaches
  6 goblins
  6 hobgoblins
  7 jackals
  8 quokkas
  7 frilled lizards
  8 kobolds
  A leopard gecko zombie (D:8)
  2 quokka skeletons (D:4)
  4 rats
221 creatures vanquished.

Vanquished Creatures (others)
  7 fungi (D:9)
7 creatures vanquished.

Grand Total: 228 creatures vanquished

Notes
Turn   | Place    | Note
-------+----------+-------------------------------------------
     0 | D:1      | KristoblXynda the Naga Enchanter began the quest for the Orb.
     0 | D:1      | Reached XP level 1. HP: 15/15 MP: 3/3
   185 | D:1      | Reached XP level 2. HP: 18/22 MP: 5/5
   583 | D:1      | Learned a level 2 spell: Ensorcelled Hibernation
  1042 | D:1      | Reached skill level 5 in Stealth
  1267 | D:2      | Reached XP level 3. HP: 20/28 MP: 6/6
  1516 | D:2      | Learned a level 3 spell: Confuse
  1825 | D:2      | Reached XP level 4. HP: 29/36 MP: 2/8
  2045 | D:2      | Noticed Terence
  2056 | D:2      | Killed Terence
  2249 | D:2      | Reached skill level 6 in Stealth
  2249 | D:2      | Reached XP level 5. HP: 21/42 MP: 1/9
  2254 | D:2      | HP: 1/42 [worm (9)]
  2634 | D:3      | Found an opulent altar of Gozag.
  3168 | D:3      | Reached XP level 6. HP: 49/49 MP: 11/11
  3318 | D:4      | Reached skill level 7 in Stealth
  3506 | D:4      | Found a snail-covered altar of Cheibriados.
  3525 | D:4      | Became a worshipper of Cheibriados the Contemplative
  3695 | D:4      | Reached skill level 5 in Hexes
  3767 | D:4      | Found a basalt altar of Yredelemnul.
  3819 | D:4      | Reached XP level 7. HP: 55/55 MP: 13/13
  3877 | D:4      | Found a stormy altar of Qazlal.
  4187 | D:5      | Entered Level 5 of the Dungeon
  4208 | D:5      | HP: 2/55 [orc warrior/dire flail (15)]
  4216 | D:5      | Reached skill level 8 in Stealth
  4517 | D:5      | Reached * piety under Cheibriados
  4742 | D:5      | Reached skill level 5 in Spellcasting
  4742 | D:5      | Reached XP level 8. HP: 39/62 MP: 5/15
  4818 | D:5      | Reached skill level 9 in Stealth
  5044 | D:5      | Reached skill level 1 in Invocations
  5360 | D:5      | Found a staircase to the Ecumenical Temple.
  5616 | D:6      | Reached ** piety under Cheibriados
  5712 | D:6      | Reached skill level 10 in Stealth
  6082 | D:6      | Reached XP level 9. HP: 33/68 MP: 0/18
  6352 | D:6      | Reached *** piety under Cheibriados
  6667 | D:6      | Reached skill level 11 in Stealth
  6785 | D:6      | Noticed Grinder
  6792 | D:6      | Killed Grinder
  7046 | D:7      | Gained mutation: You are resistant to hostile enchantments. (MR+) [potion of mutation]
  7046 | D:7      | Gained mutation: Your mind is acute. (Int +2) [potion of mutation]
  7046 | D:7      | Gained mutation: Your magical capacity is low. (-10% MP) [potion of mutation]
  7437 | D:7      | HP: 3/68 [poisoned by a killer bee]
  7442 | D:7      | HP: 2/68 [poisoned by a killer bee]
  7448 | D:7      | HP: 1/68 [poisoned by a killer bee]
  7457 | D:7      | HP: 1/68 [poisoned by a killer bee]
  7463 | D:7      | HP: 1/68 [poisoned by a killer bee]
  7469 | D:7      | HP: 2/68 [poisoned by a killer bee]
  7475 | D:7      | HP: 2/68 [poisoned by a killer bee]
  7827 | D:7      | Reached **** piety under Cheibriados
  7895 | D:7      | Gained mutation: Your body sometimes deteriorates upon taking damage. [mutagenic meat]
  7896 | D:7      | Gained mutation: You occasionally shout uncontrollably at your foes. [mutagenic meat]
  7897 | D:7      | Lost mutation: Your magical capacity is low. (-10% MP) [mutagenic meat]
  7898 | D:7      | Gained mutation: You can exhale a cloud of poison. [mutagenic meat]
  7899 | D:7      | Gained mutation: You possess an exceptional clarity of mind. [mutagenic meat]
  8070 | D:7      | Reached skill level 12 in Stealth
  8070 | D:7      | Reached XP level 10. HP: 75/75 MP: 20/20
  8496 | D:7      | Found a shimmering altar of Xom.
  8844 | D:8      | Gained mutation: You are weak. (Str -2) [potion of mutation]
  8878 | D:8      | Reached ***** piety under Cheibriados
  8909 | D:8      | Noticed Maurice
  8922 | D:8      | Killed Maurice
  9009 | D:8      | Found a shattered altar of Ashenzari.
  9209 | D:8      | Reached skill level 13 in Stealth
  9387 | D:9      | Found a staircase to the Lair.
  9388 | D:9      | Got a faintly glowing ring mail
  9395 | D:9      | Found Cateh's Book Shoppe.
  9411 | D:9      | Bought a book of Minor Magic for 240 gold pieces
  9416 | D:9      | Learned a level 2 spell: Blink
  9419 | D:9      | Learned a level 2 spell: Repel Missiles
  9698 | D:9      | Slain by a yak

Vault maps used:
D:1:      shiori_arrival_maze, serial_park_tiny_2
D:2:      uniq_terence
D:3:      roderic_roman_lattice, grunt_gozag_statues
D:4:      kennysheep_mini_moat, old_standard_altar, kennysheep_slug_shrine,
          kennysheep_generic_room_10
D:5:      first_bread
D:6:      minmay_flawed_box, nicolae_ossuary_entry_plus, uniq_grinder
D:7:      tgw_xom
D:8:      ashenzari_altar_1, the_bakery, uniq_maurice
D:9:      due_lair_maze_entry_diamond, serial_shops, nicolae_shop_waterfront,
          nicolae_shop_statue_plus

Skill      XL: |  1  2  3  4  5  6  7  8  9 10 |
---------------+-------------------------------+-----
Stealth        | 5 6 7 8 10 12 13 | 13.1
Hexes          | 4 5 6 8 |  8.7
Spellcasting   | 3 4 5 6 7 |  7.0
Invocations    | 2 |  2.5
Short Blades   | 2 4 |  4.4
Dodging        | 3 |  3.4

Action                   |  1- 3 |  4- 6 |  7- 9 | 10-12 || total
-------------------------+-------+-------+-------+-------++-------
Melee: Dagger            |   145 |   161 |   325 |   171 ||   802
       Rapier            |       |       |    39 |       ||    39
 Cast: Corona            |     1 |       |       |       ||     1
       Ensorcelled Hiber |     6 |    14 |    11 |       ||    31
       Confuse           |       |       |    52 |    12 ||    64
 Abil: Spit Poison       |    10 |    13 |    19 |       ||    42
       Breathe Poison Ga |       |       |       |     1 ||     1
Evoke: Wand              |       |       |     3 |       ||     3
  Use: Scroll            |       |     9 |    12 |     5 ||    26
       Potion            |       |     1 |     7 |     1 ||     9
 Stab: Sleeping          |     4 |    19 |    25 |    12 ||    60
       Confused          |       |       |    16 |     9 ||    25
  Eat: Chunk             |     2 |     7 |    14 |       ||    23
       Beef jerky        |       |       |     2 |       ||     2
       Fruit             |       |       |     4 |     3 ||     7
Armor: Robe              |    32 |    27 |   102 |    50 ||   211
       Skin              |       |       |    41 |       ||    41
Dodge: Dodged            |    43 |    82 |   201 |   121 ||   447
